cohdb
Replays
Latest Replays
All Replays
Popular Replays
Top Player Replays
Match Explorer
How It Works
Community
CoH3 Stats
Reddit
Sign in to upload your games and track your stats! →
Sign in with Steam
Match 46147258
Unlisted
Match 46147258
Overview
Messages
Build Orders
End
Construct Weapon Support Center
Scout Squad
Selects Heavy Weapons
M1919 Machine Gun Team
M1919 Machine Gun Team
M1919 Machine Gun Team
Infantry Support Center
Engineer Squad
M3 Armored Personnel Carrier
M3 Armored Personnel Carrier
Selects M2HB .50cal Heavy Machine Gun
Construct Medical Station
Bazooka Squad
M3 Armored Personnel Carrier
M3 Armored Personnel Carrier
Engineer Squad
Selects Assault Carriers
Selects Exchangeable Parts
M1919 Machine Gun Team
M3 Assault Carrier
Max1boy
SneaKerz
gb_gbg
badehaien
Timezeit
danceM
0
0
Comments
sign in to comment!
No comments posted yet!